Map: Акрополь РВ

Players

Commando

  • Race: Protoss Protoss
  • Spawn Location: 11:00

Ballod - Winner!

  • Race: Terran Terran
  • League: Diamond
  • Spawn Location: 5:00

VOD

Have the link to the VOD?

Description

Time

  • Played on: Sept. 13, 2019, 9:29 a.m.
  • Length: 11:59
Show
View Real Time Build Order
Export as new Build Order

Commando Protoss 

Build Orders: 1 Gate Expand, Phoenix Opening, Colossus Rush 

Get SALT Encoding   

  12  0:01  Probe  
  13  0:13  Probe  
  14  0:17  Pylon  
  14  0:25  Probe  
  15  0:38  Gateway, Probe (Chrono Boost)  
  16  0:47  Assimilator  
  16  0:48  Probe (Chrono Boost)  
  17  0:53  Probe (Chrono Boost)  
  18  1:07  Probe  
  19  1:16  Pylon  
  19  1:19  Probe  
  20  1:26  Cybernetics Core  
  20  1:44  Nexus  
  20  1:51  Probe, Assimilator  
  21  1:59  Adept (Chrono Boost)  
  21  2:03  Warp Gate  
  21  2:05  Probe  
  24  2:17  Probe  
  24  2:22  Adept (Chrono Boost)  
  27  2:29  Stargate  
  27  2:35  Probe  
  28  2:47  Probe  
  29  2:58  Probe  
  29  2:59  Probe  
  31  3:06  Assimilator  
  31  3:10  Probe  
  32  3:14  Phoenix (Chrono Boost), Probe  
  32  3:19  Shield Battery  
  35  3:22  Probe  
  35  3:26  Probe  
  35  3:35  Probe  
  35  3:38  Probe  
  35  3:39  Phoenix (Chrono Boost)  
  39  3:47  Probe, Robotics Facility  
  40  3:50  Probe  
  40  3:52  Pylon  
  41  3:58  Gateway  
  41  3:59  Probe  
  42  4:03  Probe  
  42  4:04  Phoenix (Chrono Boost)  
  45  4:11  Probe  
  45  4:12  Shield Battery  
  45  4:15  Probe  
  45  4:16  Stalker  
  49  4:23  Probe  
  50  4:28  Probe  
  50  4:30  Pylon  
  51  4:32  Assimilator  
  51  4:35  Observer  
  51  4:37  Phoenix (Chrono Boost)  
  54  4:47  Pylon  
  54  4:48  Probe  
  55  4:53  Probe  
  55  4:54  Pylon  
  55  4:57  Stalker x2  
  60  5:02  Observer  
  60  5:06  Robotics Bay  
  62  5:07  Probe  
  62  5:10  Probe  
  63  5:20  Nexus  
  63  5:27  Stalker  
  63  5:28  Stalker  
  60  5:40  Probe  
  60  5:41  Probe  
  62  5:50  Colossus (Chrono Boost)  
  62  5:52  Probe  
  62  5:53  Probe  
  62  5:54  Extended Thermal Lance (Chrono Boost)  
  70  6:01  Gateway  
  70  6:04  Forge  
  70  6:05  Probe x2  
  72  6:16  Pylon  
  72  6:17  Probe  
  73  6:20  Stalker x2  
  73  6:24  Probe  
  78  6:29  Colossus (Chrono Boost)  
  84  6:41  Probe x2  
  84  6:42  Protoss Ground Weapons Level 1  
  84  6:46  Pylon x2  
  86  6:48  Stalker  
  88  6:55  Probe  
  88  6:57  Assimilator  
  88  6:58  Probe  
  90  7:09  Colossus (Chrono Boost)  
  96  7:17  Gateway, Stalker x2  
  96  7:20  Gateway, Probe  
  101  7:24  Assimilator  
  101  7:26  Pylon  
  101  7:27  Probe x2  
  103  7:30  Shield Battery, Photon Cannon  
  103  7:36  Pylon  
  103  7:49  Colossus (Chrono Boost)  
  103  7:50  Gateway  
  109  7:54  Photon Cannon, Twilight Council  
  109  7:55  Photon Cannon  
  109  7:56  Probe x2  
  111  8:00  Photon Cannon  
  111  8:07  Probe  
  111  8:08  Probe  
  111  8:09  Stalker x3  
  117  8:16  Probe  
  117  8:18  Gateway  
  118  8:20  Gateway  
  118  8:23  Stalker x2  
  122  8:34  Colossus (Chrono Boost)  
  122  8:38  Blink  
  113  8:58  Probe  
  113  9:00  Gateway  
  114  9:04  Gateway  
  114  9:05  Gateway, Phoenix (Chrono Boost)  
  114  9:08  Gateway  
  116  9:21  Stargate  
  122  9:27  Stalker x3  
  130  9:44  Dark Shrine  
  130  9:50  Colossus  
  124  10:02  Observer  
  124  10:05  Phoenix  
  120  10:17  Phoenix  
  120  10:18  Nexus  
  120  10:19  Pylon  
  120  10:20  Pylon x3  
  120  10:21  Pylon x2  
  120  10:22  Pylon  
  120  10:25  Pylon  
  120  10:33  Phoenix  
  122  10:40  Stalker x2  
  122  10:41  Stalker x2  
  130  10:45  Dark Shrine  
  122  10:58  Phoenix  
  122  11:05  Probe x3  
  122  11:07  Observer (Chrono Boost)  
  122  11:09  Phoenix  
  128  11:17  Probe  
  129  11:20  Observer (Chrono Boost)  
  129  11:24  Phoenix  
  132  11:28  Nexus  
  124  11:34  Stalker x2  
Show
View Real Time Build Order
Export as new Build Order

Ballod Terran - Winner!

Build Orders: Gas First Reaper Expand 

Get SALT Encoding   

  12  0:01  SCV  
  13  0:13  SCV  
  14  0:17  Supply Depot  
  14  0:26  SCV  
  14  0:27  Refinery  
  15  0:38  SCV  
  16  0:45  Barracks  
  16  0:51  SCV  
  17  1:04  SCV  
  18  1:16  SCV  
  19  1:32  Orbital Command  
  19  1:33  Reaper  
  20  1:52  Command Center  
  20  1:58  SCV  
  21  2:05  Factory  
  21  2:06  Barracks Reactor  
  21  2:12  SCV  
  22  2:17  Supply Depot  
  22  2:31  SCV  
  22  2:34  Refinery  
  23  2:45  SCV  
  23  2:47  Marine x2  
  23  2:50  Widow Mine  
  27  2:53  Starport  
  27  2:58  SCV  
  28  3:06  Orbital Command  
  28  3:12  Marine x2  
  29  3:16  SCV  
  30  3:20  Widow Mine  
  32  3:29  Orbital Command  
  32  3:30  Reaper  
  31  3:35  Medivac  
  31  3:41  Marine  
  34  3:44  Factory Tech Lab  
  34  3:47  Barracks, SCV  
  35  3:56  SCV  
  36  4:03  Cyclone, SCV  
  36  4:04  Marine x2  
  36  4:08  SCV  
  43  4:15  SCV  
  44  4:20  Starport Tech Lab, SCV  
  44  4:22  Marine  
  46  4:26  Barracks  
  46  4:40  Marine  
  46  4:41  Supply Depot, SCV x2  
  49  4:53  Command Center  
  49  4:55  SCV  
  49  4:56  SCV  
  51  5:00  Factory Reactor, Marine x2  
  51  5:01  Stimpack  
  51  5:02  Raven  
  55  5:08  SCV x2  
  57  5:15  Supply Depot  
  57  5:17  Marine  
  57  5:20  SCV  
  50  5:39  Marine x2  
  46  5:53  Combat Shield, SCV  
  46  5:54  Barracks x2  
  46  5:55  Widow Mine x2, Engineering Bay  
  51  5:58  Engineering Bay  
  51  6:00  SCV  
  52  6:05  SCV  
  52  6:08  Orbital Command  
  52  6:14  Marine  
  52  6:15  Marine  
  52  6:16  Marine x2  
  52  6:18  Widow Mine x2  
  59  6:25  Starport Reactor  
  59  6:26  SCV  
  59  6:27  SCV  
  59  6:32  Missile Turret  
  59  6:34  Missile Turret  
  54  6:50  Barracks Reactor x2  
  54  6:52  Marine x2  
  54  6:53  Widow Mine x2, Marauder x2  
  64  6:54  Terran Infantry Weapons Level 1  
  64  6:55  SCV  
  64  6:57  Refinery  
  64  6:58  SCV x2  
  64  6:59  Refinery  
  65  7:09  Concussive Shells  
  65  7:10  Medivac  
  67  7:20  Marine x2  
  67  7:21  Marine x2  
  67  7:22  Widow Mine x2  
  75  7:28  Ghost Academy, SCV x2  
  75  7:29  Command Center  
  77  7:35  Marine x2  
  77  7:36  Marine x2  
  81  7:38  Terran Infantry Armor Level 1  
  81  7:39  Marine x3  
  81  7:42  Marauder  
  84  7:47  Missile Turret  
  84  7:53  Supply Depot x2  
  84  7:54  SCV  
  85  8:00  Armory  
  85  8:14  Marauder, SCV x2, Marine x5  
  85  8:15  Widow Mine x2, Marauder  
  100  8:20  Marine  
  101  8:35  Supply Depot x2  
  101  8:39  SCV  
  101  8:41  Medivac x2, SCV x2  
  105  8:47  Marine x5  
  105  8:48  Widow Mine, Marauder x2  
  89  8:55  Marine  
  89  8:56  Widow Mine  
  89  8:58  Planetary Fortress  
  92  9:05  Starport  
  92  9:06  Marine x2  
  92  9:07  Marine x2  
  92  9:09  Marauder  
  98  9:13  SCV x2  
  98  9:14  SCV  
  98  9:16  Viking  
  103  9:20  Viking  
  105  9:25  SCV x2  
  105  9:26  Marine  
  105  9:27  Marine x3  
  105  9:29  SCV  
  112  9:34  Marine x3  
  112  9:35  Widow Mine  
  112  9:37  SCV  
  118  9:40  SCV  
  119  9:55  Marine x3  
  114  10:00  Marine x4  
  114  10:02  Liberator x2  
  114  10:15  Marine x2  
  114  10:16  Marauder  
  114  10:18  Starport Tech Lab  
  124  10:22  SCV x3  
  124  10:27  Supply Depot x2  
  124  10:28  Supply Depot  
  127  10:31  Command Center  
  127  10:33  Marine x2  
  127  10:34  SCV, Marine x2  
  132  10:46  Liberator  
  132  10:47  Liberator x2  
  132  10:48  Widow Mine, Marauder, SCV x4  
  132  10:49  Marauder  
  142  10:53  Marine  
  142  10:54  Marine x3  
  136  11:03  Marine x2  
  132  11:09  Marine  
  139  11:14  Marine x2  
  139  11:15  Widow Mine, Marauder, Marine  
  139  11:16  Widow Mine  
  146  11:23  Marine x2  
  148  11:26  Marine  
  148  11:27  Marine  
Tags
 
Add a new tag
Caveats
  • Supply blocks, unpowered buildings, or Contaminate may cause inaccurate times.
  • Supply counts are checked every 10 seconds.